AoeStats
← maimadana

Arabia

508912213Analyzed
1v1 RM · 8d ago on Sep 24, 2026· 28m 47s· 2 players
Game mode
Random Map
Map size
Tiny (2 player)
Population
200
Speed
Normal
Resources
Standard
Victory
Conquest
Starting age
Dark Age
Ending age
Imperial Age
RankedLock teamsTeams togetherTeam positionsShared explorationLock speedFull tech treeHidden civsTurbo modeCheats
Victory
Defeat
🇪🇸 Persians · Spain
873
+16
🇨🇿 Franks · Czechia
873
-40
maimadana
4:41 Loom
10:35 Feudal Age
11:22 Double-Bit Axe
15:45 Forging
19:57 Wheelbarrow
26:41 Castle Age
24:55 Scale Mail Armor
25:56 Fletching
26:08 Padded Archer Armor
26:44 Pikeman
26:49 Elite Skirmisher
juan.alcantara.fr
10:17 Feudal Age
10:41 Double-Bit Axe
14:29 Forging
18:11 Bloodlines
20:06 Fletching
20:16 Padded Archer Armor
20:37 Gold Mining
24:15 Castle Age
22:52 Scale Barding Armor
25:06 Bodkin Arrow
25:46 Iron Casting
24:56 Crossbowman
25:42 Thumb Ring
28:13 Husbandry
Connection lost

Rejoining the realm…

Still unreachable

The connection could not be restored.

Session expired

The server has moved on; the page needs a fresh start.